AoeStats
← 文風

Black Forest

509370073Analyzed
4v4 RM · 6d ago on Sep 26, 2026· 35m 14s· 8 players
Game mode
Random Map
Map size
Large (8 player)
Population
200
Speed
Normal
Resources
Standard
Victory
Conquest
Starting age
Dark Age
Ending age
Imperial Age
RankedLock teamsTeams togetherTeam positionsShared explorationLock speedFull tech treeHidden civsTurbo modeCheats
Victory
Defeat
🇨🇳 Mongols · China
1459
+15
🇹🇼 Lithuanians · Taiwan
1433
+16
🇭🇰 Turks · Hong Kong SAR China
1424
+16
🇭🇰 Teutons · Hong Kong SAR China
1390
+17
🇹🇷 Persians · Türkiye
1442
-17
🇺🇸 Danes · United States
1439
-17
🇮🇹 Vietnamese · Italy
1413
-15
🇨🇳 Portuguese · China
1403
-15
GdR_Salinaro
0:27 Loom
12:11 Feudal Age
13:30 Double-Bit Axe
13:25 Man-at-Arms
14:46 Arson
23:43 Forging
26:47 Wheelbarrow
27:58 Horse Collar
31:28 Castle Age
29:23 Stone Mining
30:04 Scale Mail Armor
30:16 Gold Mining
31:41 Pikeman
32:22 Squires
FlyingSaucer_
11:38 Feudal Age
12:19 Double-Bit Axe
12:14 Horse Collar
15:17 Castle Age
17:37 Wheelbarrow
17:39 Heavy Plow
18:19 Bow Saw
21:47 Gold Mining
21:54 Stone Mining
23:00 Hand Cart
23:16 Loom
26:05 Gold Shaft Mining
26:05 Stone Shaft Mining
28:24 Imperial Age
27:05 Forging
26:55 Scale Mail Armor
28:27 Iron Casting
28:19 Squires
28:05 Arson
28:33 Capped Ram
30:22 Blast Furnace
29:58 Chain Mail Armor
29:58 Siege Engineers
29:31 Siege Ram
30:50 Chain Mail Armor
31:11 Masonry
31:07 Town Watch
33:00 Conscription
32:04 Northmen's Fury
32:15 Onager
32:33 Hamask
33:45 Plate Mail Armor
33:16 Fletching
34:00 Plate Mail Armor
34:38 Chemistry
33:35 Murder Holes
34:07 Ballistics
33:34 Siege Onager
mylove__
10:56 Feudal Age
14:43 Castle Age
12:42 Double-Bit Axe
12:39 Horse Collar
17:24 Bow Saw
17:15 Heavy Plow
19:46 Loom
20:38 Scale Barding Armor
23:45 Chain Barding Armor
26:15 Bloodlines
26:41 Forging
27:49 Iron Casting
28:12 Husbandry
31:50 Imperial Age
31:29 Cavalier
32:45 Plate Barding Armor
32:46 Savar
34:28 Blast Furnace
卫星点灯
9:54 Feudal Age
10:32 Double-Bit Axe
10:31 Horse Collar
10:46 Gold Mining
18:32 Castle Age
16:51 Stone Mining
23:46 Imperial Age
22:17 Bow Saw
23:21 Wheelbarrow
23:39 Stone Shaft Mining
25:47 Hand Cart
27:15 Town Watch
28:00 Town Patrol
29:18 Chemistry
29:25 Ballistics
29:19 Fortified Wall
29:01 Loom
30:49 Bombard Tower
30:16 Treadmill Crane
32:12 Siege Engineers
32:21 Masonry
32:04 Fletching
33:33 Bodkin Arrow
33:33 Elite Organ Gun
文風
11:24 Feudal Age
15:44 Castle Age
14:20 Double-Bit Axe
23:31 Squires
22:51 Pikeman
26:27 Pikeman
28:37 Wheelbarrow
30:17 Bloodlines
35:00 Bow Saw
牛比无极限
1:07 Loom
10:28 Feudal Age
15:00 Castle Age
14:51 Double-Bit Axe
18:10 Bow Saw
19:13 Wheelbarrow
19:40 Horse Collar
29:48 Imperial Age
27:44 Gold Mining
28:21 Hand Cart
28:33 Fletching
28:59 Fortified Wall
29:31 Gold Shaft Mining
29:43 Stone Mining
30:24 Murder Holes
30:34 Nomads
30:59 Ballistics
31:40 Chemistry
30:45 Bodkin Arrow
30:50 Padded Archer Armor
31:06 Bloodlines
30:57 Husbandry
31:26 Conscription
31:40 Bracer
32:10 Onager
34:08 Parthian Tactics
34:01 Leather Archer Armor
33:56 Thumb Ring
34:14 Elite Mangudai
35:19 Drill
TwBestShaco
10:54 Feudal Age
11:26 Double-Bit Axe
14:27 Castle Age
13:21 Horse Collar
15:26 Bow Saw
15:18 Heavy Plow
21:29 Gold Mining
22:32 Wheelbarrow
23:27 Hand Cart
25:19 Stone Mining
29:00 Imperial Age
27:09 Bloodlines
26:59 Husbandry
27:37 Scale Barding Armor
27:42 Forging
29:06 Chain Barding Armor
28:30 Treadmill Crane
28:43 Loom
28:44 Town Watch
29:16 Cavalier
30:34 Iron Casting
31:08 Two-Man Saw
30:42 Crop Rotation
32:08 Plate Barding Armor
33:23 Guilds
32:38 Paladin
34:19 Town Patrol
屌炸天
0:27 Loom
13:04 Feudal Age
17:49 Castle Age
34:18 Horse Collar
35:31 Double-Bit Axe
Connection lost

Rejoining the realm…

Still unreachable

The connection could not be restored.

Session expired

The server has moved on; the page needs a fresh start.